 Dungeon Crawl Stone Soup version 0.30.1-1-g62c8e00024 (webtiles) character file.

Game seed: 9889070784551726513

14 croobank the Firebug (level 2, -1/18 HPs)
             Began as an Octopode Fire Elementalist on July 18, 2023.
             Slain by Sigmund
             ... wielding a +0 scythe
              (5 damage)
             ... on level 2 of the Dungeon.
             The game lasted 00:01:37 (1075 turns).

croobank the Firebug (Octopode Fire Elementalist)   Turns: 1075, Time: 00:01:38

Health: -1/18      AC:  1    Str: 11    XL:     2   Next: 41%
Magic:  5/5        EV: 13    Int: 16    God:
Gold:   43         SH:  0    Dex: 11    Spells: 4/5 levels left

rFire   . . .        e - +0 dagger
rCold   . . .        (no shield)
rNeg    . . .        (helmet restricted)
rPois   .            (no amulet)
rElec   +            h - ring of wizardry
rCorr   .            (no ring)
SInv    .            (no ring)
Will    .....        (no ring)
Stlth   +++          (no ring)
HPRegen 0.23/turn    (no ring)
MPRegen 0.09/turn    (no ring)
                     (no ring)

%: wizardry (x1)
@: no status effects
A: almost no armour, amphibious, 8 rings, camouflage 1, gelatinous body 1,
(nimble swimmer 1), tentacles, tentacle spike 1, high MP 1, electricity
resistance, strong 1
a: no special abilities


You were on level 2 of the Dungeon.
You visited 1 branch of the dungeon, and saw 2 of its levels.

You collected 43 gold pieces.

Inventory:

Hand Weapons
 c - a +0 whip
 e - a +0 dagger (weapon)
Jewellery
 h - a ring of wizardry (left tentacle)
Scrolls
 b - a scroll of butterflies {unknown}
 d - a scroll of silence {unknown}
 f - a scroll of enchant weapon {unknown}
 i - a scroll of enchant armour {unknown}
Potions
 a - a potion of magic


   Skills:
 + Level 0.5 Fighting
 + Level 2.2 Dodging
 + Level 3.0 Stealth
 + Level 2.1 Spellcasting
 + Level 1.2 Conjurations
 + Level 3.1 Fire Magic


You had 4 spell levels left.
You knew the following spells:

 Your Spells              Type           Power      Damage    Failure   Level
a - Foxfire               Conj/Fire      32%        2x1d5     3%          1

Your spell library contained the following spells:

 Spells                   Type           Power      Damage    Failure   Level
 Scorch                   Fire           22%        2d6       3%          2
 Cigotuvi's Dreadful Rot  Necr/Pois/Air  2%         N/A       12%         2
 Inner Flame              Hex/Fire       6%         N/A       13%         3
 Volatile Blastmotes      Fire/Tloc      12%        2d11      13%         3
 Flame Wave               Conj/Fire      8%         2d5       32%         4
 Dispel Undead            Necr           1%         3d6       58%         4
 Death Channel            Necr           0%         N/A       100%        6


Dungeon Overview and Level Annotations

Branches:
Dungeon (2/15)

Altars:

Annotations:
D:2 Sigmund


Innate Abilities, Weirdness & Mutations

You cannot wear most types of armour.
You are amphibious.
You can wear up to eight rings at the same time.
Your skin changes colour to match your surroundings (Stealth+).
Your rubbery body absorbs attacks. (AC +1, EV +1)
((You are camouflaged when in or above water. (Stealth+)))
You have tentacles for arms and can constrict up to eight enemies at once.
One of your tentacles bears a spike.
You have an increased reservoir of magic. (+10% MP)
You are resistant to electric shocks. (rElec)
Your muscles are strong. (Str +4, Int/Dex -1)


Message History

Sigmund points at you and mumbles some strange words.
The magic dart hits you!
A kobold opens the door.
Found a robe.
There is an open door here.
The giant cockroach bites you but does no damage.
Sigmund gestures at you while chanting.
You are confused.
You are too confused!
You are too confused!
You are too confused!
You're too confused to cast spells.
Unknown command.
You're too confused to move!
The giant cockroach closely misses you.
It was a potion of mutation.
You feel extremely strange.
You feel stronger.
One of your lower tentacles grows a sharp spike.
You feel more energetic.
You feel insulated.
The giant cockroach bites you but does no damage.
Sigmund closely misses you.
The giant cockroach bites you but does no damage.
The giant cockroach bites you.
You bump into the rock wall.
Sigmund closely misses you. The giant cockroach misses you.
You hit Sigmund but do no damage.
Your tentacle spike misses Sigmund.
Your squeeze misses Sigmund. The giant cockroach closely misses you.
The kobold closely misses you. Sigmund hits you with a +0 scythe.
A bat comes into view.
The kobold misses you.
The bat moves out of view.
You feel less confused. Sigmund misses you.
The kobold hits you with a +0 short sword.
* * * LOW HITPOINT WARNING * * *
The giant cockroach barely misses you.
You hit Sigmund but do no damage. Your grab misses Sigmund.
You pierce Sigmund, but do no damage.
Your squeeze misses Sigmund.
The giant cockroach completely misses you.
The kobold misses you. Sigmund asks, "Do you like me?"
Sigmund hits you with a +0 scythe.
You die...

#)..#....... #.##########
. #........... ..#######
###########. . ........
#. ..# #....# #.
....#....###############.
....'..B.'...............
...[#..K@################
..).....@# ####.....#
##....# +....# #.....
#...b.. #...... ........


You could see Sigmund, a giant cockroach, a bat (wandering) and a kobold.

Vanquished Creatures
  A bat (D:1)
  An endoplasm (D:1)
  A giant cockroach (D:1)
  2 goblins
  2 hobgoblins
  2 kobolds (D:1)
  A ball python (D:1)
  2 rats (D:1)
12 creatures vanquished.

Vanquished Creatures (others)
  18 foxfires (D:1)
18 creatures vanquished.

Grand Total: 30 creatures vanquished

Notes
Turn   | Place    | Note
-------+----------+-------------------------------------------
     0 | D:1      | croobank the Octopode Fire Elementalist began the quest for
                  | the Orb.
     0 | D:1      | Reached XP level 1. HP: 11/11 MP: 3/3
   322 | D:1      | Reached XP level 2. HP: 14/17 MP: 0/5
  1065 | D:2      | Noticed Sigmund
  1069 | D:2      | Gained mutation: Your muscles are strong. (Str +4, Int/Dex
                  | -1) [potion of mutation]
  1069 | D:2      | Gained mutation: One of your tentacles bears a spike.
                  | [potion of mutation]
  1069 | D:2      | Gained mutation: You have an increased reservoir of magic.
                  | (+10% MP) [potion of mutation]
  1069 | D:2      | Gained mutation: You are resistant to electric shocks.
                  | (rElec) [potion of mutation]
  1075 | D:2      | Slain by Sigmund

Illustrated notes

Levels and vault maps discovered:
D:1:      dpeg_arrival_erosion, layout_basic
D:2:      layout_basic, uniq_sigmund

Skill      XL: |  1  2 |
---------------+-------+-----
Stealth        | 3 |  3.0
Fighting       | |  0.5
Dodging        | |  2.2
Spellcasting   | |  2.1
Conjurations   | |  1.2
Fire Magic     | |  3.1

Action                     || total
---------------------------++-------
  Melee: Tentacles         ||     4
         Whip              ||     1
         Dagger            ||     9
         Constrict         ||     1
         Kick              ||     1
   Cast: Foxfire           ||    13
    Use: Potion            ||     1
   Stab: Sleeping          ||     2
 Armour: Skin              ||     4
  Dodge: Dodged            ||    20
